 Dungeon Crawl Stone Soup version 0.29.1-15-g9cfb28693d (webtiles) character file.

Game seed: 14546827029546526894

18529 raph the Frost Mage (level 12, -4/90 HPs)
             Began as a Grey Draconian Ice Elementalist on Apr 22, 2023.
             Was a High Priest of Hepliaklqana.
             Slain by a redback (5 damage)
             ... on level 2 of the Lair of Beasts.
             The game lasted 00:26:43 (16526 turns).

raph the Frost Mage (DrIE)                         Turns: 16526, Time: 00:26:44

Health: -4/90      AC: 23    Str: 12    XL:     12   Next: 28%
Magic:  7/21       EV: 13    Int: 20    God:    Hepliaklqana [*****.]
Gold:   92         SH:  4    Dex: 11    Spells: 4/24 levels left

rFire   . . .      SeeInvis .   a - +1 broad axe (vorpal)
rCold   . . .      Faith    .   Q - +0 buckler
rNeg    . . .      Spirit   .   (body armour unavailable)
rPois   .          Reflect  .   (helmet restricted)
rElec   .          Harm     .   M - +2 cloak
rCorr   .          Rampage  .   R - +2 pair of gloves
Will    +....                   (no boots)
Stlth   ++........              y - amulet of the acrobat
HPRegen 0.25/turn               j - +4 ring of protection
MPRegen 0.17/turn               i - ring of willpower

@: lethally poisoned (-4 -> -69), freezing walls
A: reduced essence, AC +13, amphibious, unfitting armour, cold-blooded
a: Renounce Religion, Recall Ancestor, Ancestor Identity, Transference, Idealise


You were on level 2 of the Lair of Beasts.
You worshipped Hepliaklqana.
Hepliaklqana was extremely pleased with you.
You visited 2 branches of the dungeon, and saw 12 of its levels.

You collected 862 gold pieces.
You spent 770 gold pieces at shops.

Inventory:

Hand Weapons
 a - a +1 vorpal broad axe (weapon)
 I - a +0 war axe of protection
 K - a +2 war axe of draining
 O - the +5 mace "Usoklergha" {holy, rElec rC+}
   (You found it on level 8 of the Dungeon)

   It has been blessed by the Shining One to cause great damage to the undead
   and demons.
   rC:        It protects you from cold.
   rElec:     It insulates you from electricity.
Missiles
 w - 8 javelins
 E - 4 throwing nets
 G - 19 poisoned darts
Armour
 M - a +2 cloak (worn)
 Q - a +0 buckler (worn)
 R - a +2 pair of gloves (worn)
Magical Staves
 v - a staff of death
Jewellery
 c - a ring of fire
 i - a ring of willpower (right hand)
 j - a +4 ring of protection (left hand)
 t - a ring of fire
 x - a ring of poison resistance
 y - an amulet of the acrobat (around neck)
 D - a ring of protection from cold
 F - a ring of resist corrosion
Wands
 b - a wand of polymorph (6)
 f - a wand of mindburst (9)
 s - a wand of iceblast (6)
 B - a wand of acid (5)
 C - a wand of charming (11)
 L - a wand of digging (1)
Scrolls
 e - 8 scrolls of identify
 g - 12 scrolls of teleportation
 k - 4 scrolls of blinking
 o - a scroll of immolation
 q - a scroll of poison
 A - a scroll of amnesia
 H - 2 scrolls of vulnerability
 N - a scroll of brand weapon
Potions
 d - 5 potions of curing
 h - a potion of magic
 l - a potion of berserk rage
 m - a potion of resistance
 n - 2 potions of heal wounds
 p - 5 potions of flight
 r - 2 potions of invisibility
 u - 4 potions of brilliance
 z - 5 potions of haste
 J - a potion of mutation
 P - 2 potions of might
 S - a potion of lignification


   Skills:
 + Level 7.2 Fighting
 * Level 9.7 Axes
 + Level 6.4 Dodging
 - Level 1.7 Stealth
 + Level 2.4 Shields
 + Level 6.5 Spellcasting
 + Level 5.7 Conjurations
 + Level 4.5 Hexes
 + Level 11.3 Ice Magic
 + Level 3.6 Invocations


You had 4 spell levels left.
You knew the following spells:

 Your Spells              Type           Power      Damage    Failure   Level
a - Freeze                Ice            100%       1d11      1%          1
b - Frozen Ramparts       Ice            100%       1d16      1%          3
c - Ozocubu's Armour      Ice            51%        N/A       1%          3
d - Hailstorm             Conj/Ice       40%        3d10      3%          4
e - Metabolic Englaciati  Hex/Ice        19%        N/A       14%         5
f - Summon Ice Beast      Ice/Summ       29%        N/A       13%         4

Your spell library contained the following spells:

 Spells                   Type           Power      Damage    Failure   Level
 Ensorcelled Hibernation  Hex/Ice        76%        N/A       1%          2
 Confusing Touch          Hex            24%        N/A       6%          3
 Ice Form                 Ice/Tmut       29%        N/A       13%         4
 Passwall                 Tmut/Erth      5%         N/A       21%         2
 Swiftness                Air            6%         N/A       36%         3
 Summon Mana Viper        Hex/Summ       15%        N/A       82%         5
 Yara's Violent Unravell  Hex/Tmut       7%         3d5       82%         5
 Simulacrum               Ice/Necr       14%        N/A       89%         6
 Enfeeble                 Hex            12%        N/A       100%        7
 Monstrous Menagerie      Summ           3%         N/A       100%        7


Dungeon Overview and Level Annotations

Branches:
Dungeon (10/15)            Temple (0/1) D:4            Lair (2/5) D:10
  Swamp (0/4) Lair:2
  Snake: Lair:2-3    Spider: Lair:2-3       Orc: D:9-12

Altars:
Ashenzari
Hepliaklqana
Trog
Xom

Shops:
D:1 (   D:2 ?   D:4 (((?(   D:5 ?   D:7 [

Portals:
Abyss: D:3

Annotations:
D:7 2 transporters, LLlMATKO's ghost, novice MiBe


Innate Abilities, Weirdness & Mutations

Your life essence is reduced to manifest your ancestor. (-10% HP)
Your dull iron-grey scales are very hard. (AC +13)
You are amphibious.
You cannot fit into any form of body armour.
You are cold-blooded and may be slowed by cold attacks.


Message History

You start resting.
Shatamurrim blocks something's attack.
You start resting.
Shatamurrim blocks something's attack. x2
You start resting.
Something bites Shatamurrim!
You start resting.
Something barely misses Shatamurrim.
Shatamurrim blocks something's attack.
You start resting.
Something bites Shatamurrim.
You start resting.
Shatamurrim blocks something's attack.
Something barely misses Shatamurrim.
You start resting.
Something bites Shatamurrim but does no damage.
You start resting.
Something bites Shatamurrim.
Something closely misses Shatamurrim.
You start resting.
Something completely misses Shatamurrim.
You start resting.
Something bites Shatamurrim.
Shatamurrim blocks something's attack.
You swap places.
The redback misses you. The redback attacks as you move away!
The redback misses you. The redback bites you!
You are lethally poisoned!
The redback poisons you!
Shatamurrim barely misses the redback.
Casting: Frozen Ramparts (safe; 1% risk of failure)
Confirm with . or Enter, or press ? or * to list all spells.
Casting: Frozen Ramparts (safe; 1% risk of failure)
Press: ? - help, Dir - look around, f - activate The walls around you are covered in ice.
You feel extremely sick.
The wall freezes the redback.
The redback bites you!
* * * LOW HITPOINT WARNING * * *
You are more poisoned.
The redback poisons you!
Shatamurrim closely misses the redback.
You hit the redback but do no damage.
You tail-slap the redback, but do no damage.
The redback is lightly wounded.
* * * LOW HITPOINT WARNING * * *
You feel extremely sick.
The wall freezes the redback.
The redback bites you.
* * * LOW HITPOINT WARNING * * *
The wall freezes the redback.
The redback bites you.
You die...

.....#...........~~.~.~.~~..
.....##..##......~.~~.~~.~..
.....#......... ..~s~.~~~...
.....##........ .......~§..
#.##P#...##.... ......#§§§
######...##########......§§§
.........#.####.#.#......§§§
...............Rs.†.†....§§§
..##.#..#..###.#@#.##.#..###
############ ####### ## #


You could see the friendly Shatamurrim the knight and a redback (ally target).

Vanquished Creatures
  2 hydras (Lair:1)
  A two-headed ogre (D:10)
  A centaur warrior (D:7)
  3 death yaks (D:10)
  A swamp dragon (Lair:2)
  Pikel (D:6)
  A salamander (Lair:1)
  A cyclops (D:7)
  Maurice (D:8)
  Joseph (D:7)
  3 cane toads
  A troll (D:9)
  2 hornets
  Prince Ribbit (D:7)
  5 blink frogs (Lair:1)
  Grinder (D:6)
  A vampire (D:10)
  A wraith (D:10)
  2 yaks (D:8)
  Grum (D:8)
  2 water moccasins
  An orc warrior (D:6)
  An ice beast (D:6)
  A black bear (D:7)
  A sky beast (D:7)
  A wolf (D:8)
  A lemure (D:6)
  2 ogres
  4 centaurs
  The ghost of enotiy the Covered, an amateur GrFi of Ignis (D:3)
  A bullfrog (Lair:1)
  A kobold brigand (D:7)
  A scorpion (D:6)
  3 wights
  4 killer bees (D:7)
  A gnoll bouda (D:6)
  3 orc priests
  6 hounds
  A jelly (D:5)
  An iron imp (D:3)
  3 orc wizards
  Ijyb (D:4)
  3 iguanas
  A hell rat (D:10)
  8 gnolls
  6 adders
  A river rat (D:10)
  A white imp (D:6)
  3 dart slugs
  22 orcs
  4 endoplasms
  4 giant cockroaches
  7 goblins
  4 hobgoblins
  4 jackals (D:1)
  7 quokkas
  5 ball pythons
  4 bats
  A frilled lizard (D:2)
  9 kobolds
  10 rats
  A bush (D:4)
177 creatures vanquished.

Vanquished Creatures (collateral kills)
  A hydra (Lair:1)
  Harold (D:9)
  An ugly thing (D:10)
  2 cane toads (Lair:1)
  A gargoyle (D:7)
  A rime drake (Lair:1)
  Maggie (D:8)
  A komodo dragon (Lair:1)
  A troll (D:10)
  A vampire (D:9)
  3 yaks (D:8)
  3 wraiths
  Edmund (D:6)
  2 water moccasins (D:7)
  An ice beast (D:5)
  A black bear (D:5)
  A wolf (D:8)
  An ogre (D:5)
  2 lemures (D:6)
  2 small abominations (D:3)
  3 centaurs
  A kobold brigand (D:7)
  3 bullfrogs
  A scorpion (D:7)
  3 necrophages (D:7)
  2 wights (D:8)
  A killer bee (D:7)
  A lava snake (Lair:1)
  A hound (D:7)
  2 orc priests
  2 iguanas
  2 orc wizards (D:6)
  5 gnolls
  A river rat (D:10)
  3 white imps
  An ufetubus (D:7)
  9 orcs
  An endoplasm (D:4)
  A goblin (D:4)
  A hobgoblin (D:4)
  3 kobolds
  A quokka (D:5)
  A bush (D:4)
77 creatures vanquished.

Vanquished Creatures (others)
  A jumping spider (Lair:2)
  7 knights
  2 fungi (Lair:1)
  12 plants
22 creatures vanquished.

Grand Total: 276 creatures vanquished

Notes
Turn   | Place    | Note
-------+----------+-------------------------------------------
     0 | D:1      | raph the Draconian Ice Elementalist began the quest for the
                  | Orb.
     0 | D:1      | Reached XP level 1. HP: 14/14 MP: 3/3
    17 | D:1      | Noticed a minotaur skeleton
   375 | D:1      | Reached XP level 2. HP: 8/20 MP: 0/5
  1138 | D:1      | Found Lunu's Weapon Shop.
  1146 | D:1      | Bought a +0 broad axe for 48 gold pieces
  1180 | D:1      | Reached skill level 5 in Ice Magic
  1240 | D:1      | Reached XP level 3. HP: 16/26 MP: 6/6
  1244 | D:1      | Learned a level 3 spell: Frozen Ramparts
  2140 | D:2      | Found Ryloom's Magic Scroll Shoppe.
  2145 | D:2      | Bought a scroll of identify for 28 gold pieces
  2145 | D:2      | Bought a scroll of identify for 28 gold pieces
  2291 | D:2      | Bought a scroll of teleportation for 42 gold pieces
  2320 | D:2      | Found a hazy altar of Hepliaklqana.
  2331 | D:2      | Became a worshipper of Hepliaklqana the Forgotten
  2701 | D:3      | Noticed a small abomination
  2718 | D:3      | Found a transporter.
  2843 | D:3      | Reached XP level 4. HP: 33/33 MP: 4/7
  2885 | D:3      | Found a transporter.
  3533 | D:3      | Reached * piety under Hepliaklqana
  3685 | D:4      | Found Quirojug's Magic Scroll Emporium.
  3703 | D:4      | Bought a scroll of blinking for 97 gold pieces
  3748 | D:4      | Noticed Ijyb
  3753 | D:4      | Reached skill level 6 in Ice Magic
  3764 | D:4      | Killed Ijyb
  3765 | D:4      | Reached XP level 5. HP: 23/34 MP: 0/8
  3923 | D:4      | Learned a level 3 spell: Ozocubu's Armour
  4072 | D:4      | Reached skill level 7 in Ice Magic
  4215 | D:4      | Found Added's Antique Weapon Emporium.
  4235 | D:4      | Found a large runed translucent door.
  4237 | D:4      | Found a large runed translucent door.
  4238 | D:4      | Found a shimmering altar of Xom.
  4511 | D:4      | Found a staircase to the Ecumenical Temple.
  4535 | D:4      | Found Utorips's Weapon Shop.
  4558 | D:4      | Found Kuilal's Antique Weapon Shoppe.
  4727 | D:4      | Reached XP level 6. HP: 36/40 MP: 5/9
  5184 | D:4      | Found Zuasutant's Weapon Shop.
  5333 | D:5      | Entered Level 5 of the Dungeon
  5419 | D:5      | Found Omyomo's Magic Scroll Shoppe.
  5500 | D:5      | Bought a scroll of identify for 22 gold pieces
  5531 | D:5      | Reached ** piety under Hepliaklqana
  5532 | D:5      | Remembered your ancestor Shatamurrim as a knight
  5543 | D:5      | Found a bloodstained altar of Trog.
  5691 | D:5      | Reached skill level 8 in Ice Magic
  5894 | D:5      | Your scales start taking on a dull iron-grey colour.
  5894 | D:5      | Reached XP level 7. HP: 45/45 MP: 3/10
  6008 | D:5      | Identified the +0 leather armour of the Shore {Will- rCorr
                  | Dex+2}
  6085 | D:5      | Reached skill level 9 in Ice Magic
  6325 | D:5      | Found a broken altar of Ashenzari.
  6711 | D:6      | Reached skill level 1 in Axes
  6821 | D:6      | Reached skill level 1 in Fighting
  6880 | D:6      | Noticed Pikel
  6896 | D:6      | Killed Pikel
  6897 | D:6      | Reached XP level 8. HP: 24/55 MP: 3/12
  7462 | D:6      | Noticed Edmund
  7477 | D:6      | Killed Edmund
  7660 | D:6      | Noticed Grinder
  7677 | D:6      | Paralysed by Grinder for 4 turns
  7695 | D:6      | Killed Grinder
  7696 | D:6      | Reached XP level 9. HP: 37/63 MP: 2/14
  7701 | D:6      | Learned a level 4 spell: Hailstorm
  8055 | D:6      | Reached skill level 5 in Axes
  8207 | D:6      | Reached *** piety under Hepliaklqana
  8554 | D:4      | Bought a scroll of brand weapon for 123 gold pieces
  8721 | D:7      | Found Avoxkuef's Antique Armour Shop.
  8836 | D:7      | Reached skill level 1 in Conjurations
  8959 | D:7      | Noticed a gargoyle
  9104 | D:7      | Reached skill level 10 in Ice Magic
  9143 | D:7      | Noticed a cyclops
  9149 | D:7      | Killed a cyclops
  9161 | D:7      | Learned a level 5 spell: Metabolic Englaciation
  9199 | D:7      | Noticed a centaur warrior
  9218 | D:7      | Killed a gargoyle
  9219 | D:7      | Reached skill level 1 in Hexes
  9219 | D:7      | Reached XP level 10. HP: 72/72 MP: 11/16
  9241 | D:7      | Killed a centaur warrior
  9431 | D:7      | Reached skill level 5 in Fighting
 10132 | D:7      | Noticed LLlMATKO's ghost (novice MiBe)
 10133 | D:7      | Found a bloodstained altar of Trog.
 10140 | D:7      | Found a transporter.
 10149 | D:7      | Noticed Prince Ribbit
 10154 | D:7      | Found a transporter.
 10158 | D:7      | Killed Prince Ribbit
 10232 | D:7      | Noticed a moth of wrath
 10269 | D:7      | Noticed Joseph
 10278 | D:7      | Killed Joseph
 10369 | D:8      | Identified the +6 long sword of Outrage {venom, rElec rF+
                  | Str+4 Stlth-}
 10586 | D:8      | Noticed Maggie
 10595 | D:8      | Killed Maggie
 10667 | D:8      | Reached **** piety under Hepliaklqana
 10676 | D:8      | Noticed Grum
 10680 | D:8      | Reached skill level 5 in Spellcasting
 10680 | D:8      | Noticed Maurice
 10686 | D:8      | Killed Grum
 10687 | D:8      | Reached skill level 5 in Dodging
 10696 | D:8      | Killed Maurice
 11358 | D:2      | Bought a scroll of blinking for 105 gold pieces
 11395 | D:3      | Noticed enotiy's ghost (amateur GrFi)
 11415 | D:3      | Found a one-way gate to the infinite horrors of the Abyss.
 11421 | D:3      | Killed enotiy's ghost
 12410 | D:8      | Identified the +5 mace "Usoklergha" {holy, rElec rC+}
 12606 | D:9      | Noticed Harold
 12626 | D:9      | Reached XP level 11. HP: 65/80 MP: 14/19
 12706 | D:9      | Killed Harold
 13221 | D:10     | Entered Level 10 of the Dungeon
 13543 | D:10     | Learned a level 4 spell: Summon Ice Beast
 13663 | D:10     | Reached ***** piety under Hepliaklqana
 13765 | D:10     | Noticed a death yak
 13767 | D:10     | Found a staircase to the Lair.
 13768 | D:10     | Noticed a death yak
 13768 | D:10     | Noticed a death yak
 13778 | D:10     | Killed a death yak
 13785 | D:10     | Killed a death yak
 13786 | D:10     | Reached skill level 1 in Invocations
 13795 | D:10     | Killed a death yak
 13796 | D:10     | Reached skill level 11 in Ice Magic
 14247 | D:10     | Noticed a cyan ugly thing
 14261 | D:10     | Killed a cyan ugly thing
 14403 | D:10     | Noticed a two-headed ogre
 14412 | D:10     | Killed a two-headed ogre
 14413 | D:10     | Reached skill level 5 in Conjurations
 14530 | Lair:1   | Entered Level 1 of the Lair of Beasts
 14530 | Lair:1   | Noticed an eight-headed hydra
 14538 | Lair:1   | Killed an eight-headed hydra
 14646 | Lair:1   | Reached skill level 1 in Shields
 14891 | Lair:1   | Identified the +11 great sword "Uluy" {speed, rElec Str+3
                  | Dex-5}
 15379 | D:5      | Bought a scroll of enchant weapon for 82 gold pieces
 15560 | D:7      | Bought a pair of embroidered gloves for 195 gold pieces
 15683 | Lair:1   | Paralysed by a hornet for 1 turns
 16003 | Lair:1   | Noticed a six-headed hydra
 16007 | Lair:1   | Noticed an eight-headed hydra
 16009 | Lair:1   | Killed a six-headed hydra
 16010 | Lair:1   | Reached XP level 12. HP: 70/87 MP: 11/21
 16017 | Lair:1   | Killed an eight-headed hydra
 16453 | Lair:2   | Found a staircase to the Swamp.
 16526 | Lair:2   | HP: 4/90 [poisoned by a redback]
 16526 | Lair:2   | HP: 1/90 [redback (3)]
 16526 | Lair:2   | Slain by a redback

Illustrated notes

Levels and vault maps discovered:
D:1:      shiori_arrival_whats_in_store_for_you, layout_loops_ring,
          serial_shops, nicolae_shop_hallway_stairs
D:2:      layout_basic, serial_shops, nicolae_shop_crystal, basic_altar,
          bh_walls_and_bars
D:3:      layout_loops_corners, gammafunk_ghost_abyssal_escape,
          chequers_mini_garden
D:4:      due_chaos_kobolds, layout_cave_pods, minmay_temple_entry_tees,
          serial_shops, nicolae_shop_stone, nicolae_square_shop,
          nicolae_shop_crystal, nicolae_shop_hallway_stairs,
          nicolae_square_shop, cheibrodos_gnoll_hut, uniq_ijyb
D:5:      layout_gridville, mainiacjoe_overflow_catwalk_spiral, serial_shops,
          nicolae_stop_n_shop_1, grunt_decor_clamped
D:6:      layout_loops_corners, uniq_edmund, uniq_grinder, uniq_pikel
D:7:      nzn_winding_woodlands_small [nzn_winding_woodlands_5x15_concentric,
          nzn_winding_woodlands_center_garden, nzn_winding_woodlands_5x15_eye],
          layout_loops_ring, serial_shops, kennysheep_little_box,
          gammafunk_ghost_wrathful_warriors, amcnicky_mini_corridor_feature,
          kennysheep_generic_room_8, uniq_joseph, uniq_prince_ribbit1
D:8:      layout_basic, uniq_maurice, uniq_maggie, uniq_grum
D:9:      layout_cave_pools, uniq_harold
D:10:     layout_rooms, dpeg_lair_monsters, serial_curves, eino_curves_02,
          eino_curves_03, solitary_fountain
Lair:1:   layout_gridlike, serial_bayou_pond_a
Lair:2:   kb_forest_paths, layout_regular_city, minmay_swamp_entry_reptiles,
          spider_nest_entry_a, uniq_nergalle

Skill      XL: |  1  2  3  4  5  6  7  8  9 10 11 12 |
---------------+-------------------------------------+-----
Ice Magic      | 5 6 7 8 9 10 11 | 11.3
Axes           | 3 4 6 8 9 |  9.7
Dodging        | 2 3 4 5 6 |  6.4
Fighting       | 2 3 4 5 6 7 |  7.2
Spellcasting   | 3 4 5 6 |  6.5
Conjurations   | 2 4 5 |  5.7
Hexes          | 1 2 4 |  4.5
Invocations    | 3 |  3.6
Shields        | 1 2 |  2.4
Stealth        | |  1.7

Action                   |  1- 3 |  4- 6 |  7- 9 | 10-12 || total
-------------------------+-------+-------+-------+-------++-------
Melee: Unarmed           |    26 |       |       |       ||    26
       Tailslap          |     6 |    18 |    13 |    26 ||    63
       Broad axe         |    38 |   102 |    74 |   142 ||   356
       Dagger            |     2 |       |       |       ||     2
       Punch             |       |     3 |       |       ||     3
 Fire: Sling             |     6 |       |       |       ||     6
Throw: Javelin           |       |       |     2 |       ||     2
 Cast: Freeze            |    37 |     9 |       |     5 ||    51
       Frozen Ramparts   |       |    17 |    28 |    36 ||    81
       Ozocubu's Armour  |       |     4 |    17 |    24 ||    45
       Hailstorm         |       |       |     2 |    17 ||    19
       Metabolic Englaci |       |       |       |     7 ||     7
       Summon Ice Beast  |       |       |       |     3 ||     3
Invok: Ancestor Life: Kn |       |     1 |       |       ||     1
       Idealise          |       |       |       |     1 ||     1
Evoke: Wand              |       |       |     2 |     3 ||     5
  Use: Scroll            |       |     8 |     2 |    17 ||    27
       Potion            |       |       |       |     2 ||     2
 Stab: Sleeping          |     5 |       |       |       ||     5
Armor: Skin              |    37 |    36 |    69 |   122 ||   264
Dodge: Dodged            |    80 |    57 |    69 |   182 ||   388
Block: Buckler           |       |       |       |     9 ||     9
